 Dungeon Crawl Stone Soup version 0.30.0-29-ga12c61a403 (webtiles) character file.

Game seed: 14995834230899104577

11 McKennaii the Conjurer (level 2, 0/20 HPs)
             Began as a Demigod Conjurer on June 11, 2023.
             Slain by Terence
             ... wielding a +0 hand axe
              (3 damage)
             ... on level 1 of the Dungeon.
             The game lasted 00:00:26 (1055 turns).

McKennaii the Conjurer (Demigod Conjurer)           Turns: 1055, Time: 00:00:26

Health: 0/20       AC:  2    Str:  8    XL:     2   Next: 6%
Magic:  7/7        EV: 27    Int: 20    God:
Gold:   30         SH:  0    Dex: 12    Spells: 4/5 levels left

rFire   . . .        (no weapon)
rCold   . . .        (no shield)
rNeg    . . .        a - +0 robe
rPois   .            (no helmet)
rElec   .            (no cloak)
rCorr   .            (no gloves)
SInv    .            (no boots)
Will    .....        g - amulet of the acrobat
Stlth   ++           (no ring)
HPRegen 0.23/turn    (no ring)
MPRegen 0.10/turn

%: acrobat
@: acrobatic
A: high MP 1, forlorn, divine attributes
a: no special abilities


You were on level 1 of the Dungeon.
You visited 1 branch of the dungeon, and saw 2 of its levels.

You collected 30 gold pieces.

Inventory:

Armour
 a - a +0 robe (worn)
Jewellery
 g - an amulet of the acrobat (around neck)
Scrolls
 c - 2 scrolls of teleportation {unknown}
 d - a scroll of amnesia {unknown}
 e - 3 scrolls of identify {unknown}
 f - a scroll of blinking {unknown}
Potions
 b - a potion of magic
 h - a potion of lignification {unknown}


   Skills:
 - Level 1.7 Dodging
 - Level 1.7 Stealth
 + Level 2.1 Spellcasting
 + Level 3.9 Conjurations


You had 4 spell levels left.
You knew the following spells:

 Your Spells              Type           Power      Damage    Failure   Level
a - Magic Dart            Conj           68%        1d6       3%          1

Your spell library contained the following spells:

 Spells                   Type           Power      Damage    Failure   Level
 Searing Ray              Conj           34%        2d5       4%          2
 Dazzling Flash           Conj/Hex       18%        N/A       22%         3
 Fulminant Prism          Conj/Hex       4%         3d5       56%         4
 Iskenderun's Mystic Bla  Conj/Tloc      9%         2d4       56%         4


Dungeon Overview and Level Annotations

Branches:
Dungeon (2/15)

Annotations:
D:1 Terence


Innate Abilities, Weirdness & Mutations

You have an increased reservoir of magic. (+10% MP)
You shall have no god before yourself.
Your divine heritage dramatically boosts your attributes as you level up.


Message History

You climb downwards.
There is a stone staircase leading up here.
Terence is nearby!
Okay, then.
The magic dart hits Terence but does no damage.
Terence says, "Time to say good-bye..."
You start putting on your amulet.
You continue putting on your amulet of the acrobat.
Terence barely misses you.
You continue putting on your amulet of the acrobat.
Terence hits you with a +0 hand axe.
Keep equipping yourself? [Y]es or [N]o only, please.
Keep equipping yourself?
You stop putting on your amulet.
Unknown command.
Terence barely misses you.
You climb upwards.
There is a stone staircase leading down here.
You start putting on your amulet.
You continue putting on your amulet of the acrobat.
Terence hits you with a +0 hand axe.
Keep equipping yourself?
You continue putting on your amulet of the acrobat.
Terence bares his teeth.
Terence hits you with a +0 hand axe!
You continue putting on your amulet of the acrobat.
Terence misses you.
You continue putting on your amulet of the acrobat.
Magic restored.
Terence barely misses you.
You continue putting on your amulet of the acrobat.
Terence hits you with a +0 hand axe.
* * * LOW HITPOINT WARNING * * *
You finish putting on your amulet of the acrobat.
You feel ready to tumble and roll out of harm's way.
g - an amulet of the acrobat (around neck) Unknown command.
Unknown command.
Terence attacks as you move away! Terence hits you with a +0 hand axe.
You die...

#.##########.# #....
#.# #.# #.#.. #.#
######.####.#.. #.#
#...........#.. #.#
#.####)######## #.#
#.# #.######## #.#
#># #.#.......
#.#####.####.#.##.###
#...@@........#....##
#######.####.###.#...
#.# ##.#....## #.#
##.##.## #.# #.##.#
#[# ##.##.# #.#
#..##.# #.# #.###.#
#.# #.# #.#


You could see Terence.

Vanquished Creatures
  A dart slug (D:1)
  An endoplasm (D:1)
  2 goblins (D:1)
  A hobgoblin (D:1)
  3 frilled lizards (D:1)
  2 rats (D:1)
10 creatures vanquished.

Notes
Turn   | Place    | Note
-------+----------+-------------------------------------------
     0 | D:1      | McKennaii the Demigod Conjurer began the quest for the Orb.
     0 | D:1      | Reached XP level 1. HP: 14/14 MP: 5/5
   646 | D:1      | Reached XP level 2. HP: 15/20 MP: 2/7
  1040 | D:2      | Noticed Terence
  1055 | D:1      | Slain by Terence

Illustrated notes

Levels and vault maps discovered:
D:1:      evilmike_arrival_rings, layout_loops_ring
D:2:      layout_loops_ring, uniq_terence, uniq_natasha

Skill      XL: |  1 |
---------------+----+-----
Spellcasting   | 2 |  2.1
Dodging        | |  1.7
Stealth        | |  1.7
Conjurations   | |  3.9

Action                     || total
---------------------------++-------
  Melee: Unarmed           ||     1
   Cast: Magic Dart        ||    18
  Dodge: Dodged            ||     4
